 Dungeon Crawl Stone Soup version 0.22.0-6-g71bd7aa6b3 (webtiles) character file.

1008 Kirk the Cleaver (level 8, 57/58 HPs)
             Began as a Demonspawn Gladiator on Aug 15, 2018.
             Was an Initiate of Vehumet.
             Quit the game on level 6 of the Dungeon.
             The game lasted 00:10:55 (4478 turns).

Kirk the Cleaver (Demonspawn Gladiator)             Turns: 4478, Time: 00:10:55

Health: 57/58      AC:  5    Str: 19    XL:     8   Next: 1%
Magic:  17/17      EV: 14    Int: 11    God:    Vehumet [......]
Gold:   267        SH:  0    Dex: 15    Spells: 7/7 levels left

rFire    . . .     SeeInvis .   a - +0 war axe
rCold    + . .     Gourm    .   (no shield)
rNeg     . . .     Faith    .   w - +0 scale mail
rPois    .         Spirit   +   (helmet restricted)
rElec    .         Reflect  .   v - +0 cloak
rCorr    .         Harm     .   e - +0 pair of gloves of Negation {Regen+ Str+4} (curse)
MR       .....     Clarity  +   (no boots)
Stlth    ..........             (no amulet)
HPRegen  0.99/turn              h - +2 ring of evasion
MPRegen  0.15/turn              k - ring of magical power

@: no status effects
A: hooves 2, horns 1, blurry vision 2, clarity, cold resistance 1, deformed
body, regeneration 1, magic shield, sturdy frame 2
a: Renounce Religion


You were on level 6 of the Dungeon.
You worshipped Vehumet.
Vehumet was noncommittal.
You were not hungry.

You visited 2 branches of the dungeon, and saw 7 of its levels.

You collected 267 gold pieces.

Inventory:

Hand Weapons
 a - a +0 war axe (weapon)
Missiles
 d - 2 throwing nets (quivered)
 m - 62 poisoned needles
Armour
 c - a +0 helmet
 e - the cursed +0 pair of gloves of Negation (worn) {Regen+ Str+4}
   (You found it on level 5 of the Dungeon)

   It affects your strength (+4).
   It increases your rate of regeneration.
   It has a curse placed upon it.
 v - a +0 cloak (worn)
 w - a +0 scale mail (worn)
Jewellery
 h - a +2 ring of evasion (left hand)
 k - a ring of magical power (right hand)
Scrolls
 i - a scroll of teleportation {unknown}
 j - 7 scrolls of identify
 o - 2 scrolls of remove curse {unknown}
 p - a scroll of enchant weapon {unknown}
 q - 2 scrolls of amnesia {unknown}
 s - a scroll of magic mapping {unknown}
 t - a scroll of random uselessness {unknown}
 u - a scroll of fear {unknown}
Potions
 g - a potion of lignification
 l - a potion of brilliance
 n - 2 potions of haste {unknown}
 r - 2 potions of magic
Comestibles
 b - 3 chunks of flesh
 f - 7 rations


   Skills:
 + Level 3.5 Fighting
 * Level 8.0 Axes
 - Level 1.7 Throwing
 + Level 2.4 Armour
 - Level 2.6 Dodging


You had 7 spell levels left.
You didn't know any spells.
Your spell library was empty.

Dungeon Overview and Level Annotations

Branches:
Dungeon (6/15)             Temple (1/1) D:4

Altars:
Nemelex Xobeh
Trog
Vehumet
Zin

Annotations:
D:5 1 runed door, Tarcrawler's ghost, novice TeBe


Innate Abilities, Weirdness & Mutations

You have hoof-like feet.
Your flesh is cold resistant. (rC+)
When hurt, damage is shared between your health and your magic reserves.
Your movements are less encumbered by armour. (ER -4)
You have a pair of small horns on your head.
Scrolls take you longer to read.
You possess an exceptional clarity of mind.
Armour fits poorly on your strangely shaped body.
Your natural rate of healing is unusually fast.


Message History

An iguana is nearby!
n - 2 fizzy yellow potions
Found a stone staircase leading up.
The iguana closely misses you.
You hit the iguana. Your kick misses the iguana.
The iguana is moderately wounded.
The iguana misses you. The iguana barely misses you.
You hit the iguana. You kick the iguana, but do no damage.
The iguana is severely wounded.
The iguana closely misses you.
You closely miss the iguana.
The iguana is severely wounded.
The iguana bites you.
You slash the iguana!
You kill the iguana!
Vehumet accepts your kill.
You have reached level 8!
You feel stronger.
Your demonic ancestry asserts itself...
You feel resistant to cold.
Are you sure you want to abandon this character and quit the game? (Confirm with "yes".)

.#.#.#######
...........
#.....<....
#.......... .
#..........
..###.$........
#......†.......
#...@.......
.....#..###.###
.## #......#
##.##..#
#.##..# #.##..#
#.##..#
...###.##..#
#.........# .#


There were no monsters in sight!

Vanquished Creatures
  Edmund (D:6)
  A phantom (D:4)
  A bullfrog (D:6)
  A scorpion (D:4)
  2 howler monkeys (D:4)
  A centaur zombie (D:3)
  A bullfrog skeleton (D:4)
  2 hounds (D:4)
  A centaur skeleton (D:4)
  2 orc priests (D:4)
  2 orc wizards (D:4)
  Natasha (twice) (D:2)
  Jessica (D:2)
  An iguana (D:6)
  A hound skeleton (D:2)
  Robin (D:2)
  A howler monkey skeleton (D:5)
  6 adders
  2 oozes (D:2)
  An adder skeleton (D:4)
  4 worms
  2 dart slugs
  3 leopard geckos (D:4)
  19 orcs
  9 bats
  6 giant cockroaches
  12 hobgoblins
  14 jackals
  7 kobolds
  4 ball pythons
  2 frilled lizards
  11 goblins
  8 rats
132 creatures vanquished.

Notes
Turn   | Place    | Note
-------+----------+-------------------------------------------
     0 | D:1      | Kirk the Demonspawn Gladiator began the quest for the Orb.
     0 | D:1      | Reached XP level 1. HP: 16/16 MP: 1/1
    63 | D:1      | Reached skill level 3 in Axes
   184 | D:1      | Gained mutation: Your movements are slightly less encumbered by armour. (ER -2) [demonic ancestry]
   184 | D:1      | Reached XP level 2. HP: 21/22 MP: 2/2
   523 | D:2      | Noticed Robin
   542 | D:2      | Noticed Jessica
   543 | D:2      | Gained mutation: You have large cloven feet. [demonic ancestry]
   543 | D:2      | Reached XP level 3. HP: 12/27 MP: 3/3
   721 | D:2      | Killed Jessica
   721 | D:2      | Reached skill level 1 in Armour
   724 | D:2      | Reached skill level 4 in Axes
   727 | D:2      | Killed Robin
   727 | D:2      | Gained mutation: Your movements are less encumbered by armour. (ER -4) [demonic ancestry]
   727 | D:2      | Reached XP level 4. HP: 28/33 MP: 4/4
   976 | D:2      | Noticed Natasha
  1002 | D:2      | Killed Natasha
  1002 | D:2      | Reached XP level 5. HP: 11/39 MP: 5/5
  1407 | D:2      | Noticed Natasha
  1450 | D:2      | Killed Natasha
  1450 | D:2      | Reached skill level 5 in Axes
  2265 | D:3      | Gained mutation: You have hoof-like feet. [demonic ancestry]
  2265 | D:3      | Reached XP level 6. HP: 26/46 MP: 6/6
  3025 | D:4      | Reached skill level 6 in Axes
  3392 | D:4      | Found a staircase to the Ecumenical Temple.
  3413 | D:4      | Gained mutation: When hurt, damage is shared between your health and your magic reserves. [demonic ancestry]
  3413 | D:4      | Reached XP level 7. HP: 45/52 MP: 7/7
  3461 | D:4      | Reached skill level 7 in Axes
  3482 | Temple   | Entered the Ecumenical Temple
  3500 | Temple   | Became a worshipper of Vehumet
  3825 | D:4      | Gained mutation: You occasionally shout uncontrollably at your foes. [potion of mutation]
  3825 | D:4      | Gained mutation: Scrolls take you a little longer to read. [potion of mutation]
  3825 | D:4      | Gained mutation: You possess an exceptional clarity of mind. [potion of mutation]
  3825 | D:4      | Gained mutation: Your muscles are strong. (Str +2) [potion of mutation]
  3836 | D:5      | Entered Level 5 of the Dungeon
  3857 | D:5      | Lost mutation: Your muscles are strong. (Str +2) [potion of mutation]
  3857 | D:5      | Lost mutation: You occasionally shout uncontrollably at your foes. [potion of mutation]
  3857 | D:5      | Gained mutation: Armour fits poorly on your strangely shaped body. [potion of mutation]
  3857 | D:5      | Gained mutation: You have a pair of small horns on your head. [potion of mutation]
  3857 | D:5      | Gained mutation: Scrolls take you longer to read. [potion of mutation]
  3857 | D:5      | Gained mutation: Your natural rate of healing is unusually fast. [potion of mutation]
  3962 | D:5      | Found a runed door.
  3962 | D:5      | Noticed Tarcrawler's ghost (novice TeBe)
  4008 | D:5      | Got a pair of twisted gloves
  4019 | D:5      | Identified the cursed +0 pair of gloves of Negation {Regen+ Str+4} (You found it on level 5 of the Dungeon)
  4375 | D:6      | Noticed Edmund
  4401 | D:6      | Killed Edmund
  4401 | D:6      | Reached skill level 8 in Axes
  4477 | D:6      | Gained mutation: Your flesh is cold resistant. (rC+) [demonic ancestry]
  4477 | D:6      | Reached XP level 8. HP: 56/58 MP: 8/8
  4478 | D:6      | Quit the game

Skill      XL: |  1  2  3  4  5  6  7 |
---------------+----------------------+-----
Axes           | 3 4 5 6 8 |  8.0
Armour         | 1 2 |  2.4
Fighting       | 3 |  3.5
Throwing       | |  1.7
Dodging        | |  2.6

Action                   |  1- 3 |  4- 6 |  7- 9 || total
-------------------------+-------+-------+-------++-------
Melee: War axe           |    66 |   230 |    89 ||   385
       Kick              |     5 |    60 |    19 ||    84
       Headbutt          |       |       |     4 ||     4
Throw: Throwing net      |       |     2 |       ||     2
  Use: Potion            |       |     4 |     3 ||     7
       Scroll            |       |     4 |       ||     4
 Stab: Held in net/web   |       |     1 |       ||     1
  Eat: Chunk             |       |     8 |     4 ||    12
Armor: Leather armour    |    14 |    60 |     4 ||    78
       Skin              |       |     8 |    10 ||    18
       Scale mail        |       |       |    13 ||    13
Dodge: Dodged            |    62 |   215 |    57 ||   334
